AoeStats
← InTrUsIoN

Black Forest

510619245Analyzed
3v3 RM · 12h ago on Oct 1, 2026· 47m 13s· 6 players
Game mode
Random Map
Map size
Normal (6 player)
Population
200
Speed
Normal
Resources
Standard
Victory
Conquest
Starting age
Dark Age
Ending age
Imperial Age
RankedLock teamsTeams togetherTeam positionsShared explorationLock speedFull tech treeHidden civsTurbo modeCheats
Victory
Defeat
🇮🇹 Huns · Italy
693
+9
🇮🇹 Hindustanis · Italy
693
+9
🇮🇹 Turks · Italy
635
+11
🇷🇴 Turks · Romania
599
-12
🇺🇸 Lithuanians · United States
512
-9
🇦🇷 Varangians · Argentina
491
-8
justifie
11:22 Feudal Age
11:46 Horse Collar
11:55 Double-Bit Axe
22:43 Castle Age
26:00 Wheelbarrow
26:20 Bow Saw
26:02 Stone Mining
26:24 Heavy Plow
26:16 Gold Mining
28:11 Gold Shaft Mining
32:03 Fishing Lines
32:36 Fletching
32:47 Padded Archer Armor
33:39 Thumb Ring
34:15 Gillnets
41:36 Imperial Age
41:44 Imperial Age
41:23 Ballistics
41:04 Bodkin Arrow
41:24 Leather Archer Armor
41:01 Loom
41:32 Hand Cart
42:50 Conscription
41:53 Elite Janissary
43:56 Artillery
InTrUsIoN
0:41 Loom
14:08 Feudal Age
15:17 Double-Bit Axe
21:44 Castle Age
20:42 Town Watch
21:12 Horse Collar
22:18 Forging
22:50 Stone Mining
23:14 Scale Barding Armor
27:38 Light Cavalry
29:37 Bloodlines
32:18 Chain Barding Armor
34:29 Iron Casting
34:17 Heavy Plow
35:33 Bow Saw
37:45 Husbandry
41:29 Imperial Age
39:44 Gold Mining
40:30 Stone Shaft Mining
42:54 Wheelbarrow
43:59 Murder Holes
45:37 Conscription
45:02 Winged Hussar
46:57 Two-Man Saw
Kowalsky
8:14 Loom
14:18 Feudal Age
14:41 Horse Collar
14:49 Double-Bit Axe
21:50 Castle Age
25:36 Gambesons
26:02 Scale Mail Armor
27:12 Bow Saw
33:26 Gambesons
33:42 Squires
37:14 Wheelbarrow
36:27 Town Watch
39:15 Imperial Age
39:26 Hand Cart
39:24 Elite Varangian Guard
41:10 Elite Jarl
42:03 Scale Barding Armor
42:56 Chain Mail Armor
44:35 Plate Mail Armor
45:10 Chain Barding Armor
Conqueeftador
0:48 Loom
12:48 Feudal Age
13:14 Double-Bit Axe
13:20 Horse Collar
17:41 Wheelbarrow
17:15 Fishing Lines
19:38 Forging
19:33 Scale Mail Armor
25:32 Castle Age
26:49 Caravan
27:40 Hand Cart
27:41 Gillnets
28:19 Bow Saw
29:21 Stone Mining
29:26 Gold Mining
29:43 Heavy Plow
31:32 Iron Casting
31:12 Chain Mail Armor
31:04 Scale Barding Armor
30:50 Fletching
32:10 Gold Shaft Mining
31:43 Town Watch
32:21 Arson
32:37 Squires
31:57 Man-at-Arms
36:15 Imperial Age
35:08 Town Patrol
36:18 Elite Janissary
37:40 Conscription
37:32 Artillery
40:31 Bodkin Arrow
40:36 Padded Archer Armor
41:51 Blast Furnace
41:28 Plate Mail Armor
41:26 Chain Barding Armor
41:12 Bracer
42:06 Leather Archer Armor
42:30 Ballistics
41:51 Treadmill Crane
42:35 Bombard Tower
Pullinski99
0:41 Loom
12:52 Feudal Age
13:47 Double-Bit Axe
15:42 Wheelbarrow
15:07 Horse Collar
17:11 Gold Mining
17:14 Stone Mining
26:51 Castle Age
24:53 Fishing Lines
29:03 Bow Saw
29:22 Heavy Plow
30:41 Gold Shaft Mining
30:45 Stone Shaft Mining
30:47 Caravan
31:10 Hand Cart
36:13 Imperial Age
34:47 Fortified Wall
34:33 Murder Holes
34:39 Town Watch
36:45 Scale Barding Armor
36:51 Forging
38:08 Two-Man Saw
37:17 Town Patrol
37:31 Gillnets
38:44 Heavy Camel Rider
39:26 Husbandry
39:50 Chain Barding Armor
40:07 Iron Casting
41:09 Chemistry
40:29 Ballistics
40:26 Masonry
40:46 Imperial Camel Rider
42:06 Plate Barding Armor
45:16 Grand Trunk Road
46:22 Siege Elephant
Bud
2:03 Loom
15:29 Feudal Age
16:47 Man-at-Arms
18:56 Double-Bit Axe
20:13 Fishing Lines
21:09 Forging
21:00 Scale Mail Armor
22:40 Arson
26:55 Castle Age
28:46 Scale Barding Armor
28:55 Husbandry
29:16 Bow Saw
29:55 Wheelbarrow
29:38 Gold Mining
30:30 Gillnets
30:54 Caravan
31:47 Pikeman
32:59 Horse Collar
34:04 Hand Cart
35:07 Heavy Plow
37:20 Ballistics
38:36 Bloodlines
39:03 Murder Holes
40:33 Stone Mining
42:54 Iron Casting
42:40 Chain Barding Armor
46:21 Imperial Age
44:05 Marauders
45:01 Fletching
45:12 Padded Archer Armor
Connection lost

Rejoining the realm…

Still unreachable

The connection could not be restored.

Session expired

The server has moved on; the page needs a fresh start.